AoeStats
← Le Noob

Nomad

508241261Analyzed
2v2 RM · 12d ago on Sep 21, 2026· 41m 59s· 4 players
Game mode
Random Map
Map size
176×176
Population
200
Speed
Normal
Resources
Standard
Victory
Conquest
Starting age
Dark Age
Ending age
Imperial Age
RankedLock teamsTeams togetherTeam positionsShared explorationLock speedFull tech treeHidden civsTurbo modeCheats
Victory
Defeat
🇩🇰 Cumans · Denmark
1412
+17
🇺🇸 Mongols · United States
1358
+19
🇫🇷 Persians · France
1460
-19
🇫🇷 Wu · France
1407
-17
La Légende [Tuc]
3:45 Loom
4:58 Loom
13:18 Feudal Age
17:00 Castle Age
17:51 Scale Barding Armor
17:59 Forging
18:23 Double-Bit Axe
20:16 Wheelbarrow
19:44 Horse Collar
25:22 Husbandry
26:04 Bloodlines
38:13 Bow Saw
Le Noob
11:51 Feudal Age
12:00 Loom
13:18 Double-Bit Axe
22:02 Castle Age
23:30 Wheelbarrow
26:26 Fletching
26:36 Padded Archer Armor
26:35 Crossbowman
27:44 Hand Cart
28:30 Bodkin Arrow
29:40 Bow Saw
30:48 Ballistics
38:57 Imperial Age
38:28 Fishing Lines
38:26 Elite Skirmisher
40:01 Bracer
RedMess
6:45 Loom
13:00 Feudal Age
16:37 Castle Age
14:36 Double-Bit Axe
15:16 Gold Mining
17:35 Fletching
17:56 Bow Saw
19:59 Padded Archer Armor
20:08 Bodkin Arrow
20:58 Ballistics
24:27 Horse Collar
26:24 Gold Shaft Mining
26:57 Wheelbarrow
27:36 Padded Archer Armor
29:09 Leather Archer Armor
30:54 Stone Mining
31:58 Town Watch
32:57 Heavy Plow
34:59 Hand Cart
35:37 Town Patrol
38:56 Stone Shaft Mining
42:51 Imperial Age
42:16 Thumb Ring
42:22 Bloodlines
42:13 Husbandry
tailwindhighhorses
5:13 Loom
12:16 Feudal Age
13:00 Double-Bit Axe
13:28 Stone Mining
13:45 Horse Collar
14:17 Gold Mining
17:30 Wheelbarrow
22:05 Castle Age
21:37 Fletching
22:14 Bloodlines
22:42 Padded Archer Armor
23:25 Bodkin Arrow
24:29 Padded Archer Armor
25:16 Bow Saw
25:23 Town Watch
27:08 Gold Shaft Mining
34:39 Imperial Age
33:02 Leather Archer Armor
33:44 Thumb Ring
34:34 Ballistics
35:34 Elite Kipchak
36:49 Ring Archer Armor
38:03 Chemistry
39:15 Conscription
39:03 Cuman Mercenaries
41:02 Parthian Tactics
41:56 Hand Cart
Connection lost

Rejoining the realm…

Still unreachable

The connection could not be restored.

Session expired

The server has moved on; the page needs a fresh start.